 Dungeon Crawl Stone Soup version 0.30.1 (webtiles) character file.

Game seed: 1503257375833233876

389 Babbit the Shield-Bearer (level 6, -1/56 HPs)
             Began as a Minotaur Fighter on July 7, 2023.
             Was an Initiate of Ashenzari.
             Slain by an ogre
             ... wielding a +0 giant spiked club
              (21 damage)
             ... on level 4 of the Dungeon.
             The game lasted 00:52:23 (3598 turns).

Babbit the Shield-Bearer (Minotaur Fighter)         Turns: 3598, Time: 00:52:23

Health: -1/56      AC:  9    Str: 20    XL:     6   Next: 49%
Magic:  5/5        EV:  8    Int:  5    God:    Ashenzari [......]
Gold:   40         SH: 10    Dex: 12    Spells: 5/5 levels left

rFire   . . .        x - +0 short sword (drain)
rCold   . . .        c - +0 buckler
rNeg    . . .        i - +0 chain mail
rPois   .            (helmet restricted)
rElec   .            (no cloak)
rCorr   .            (no gloves)
SInv    .            (no boots)
Will    .....        b - amulet of reflection Stlth
                     (no ring)
HPRegen 0.29/turn    (no ring)
MPRegen 0.09/turn

%: reflection
@: no status effects
A: horns 2, retaliatory headbutt
a: Renounce Religion, Curse Item


You were on level 4 of the Dungeon.
You worshipped Ashenzari.
Ashenzari was noncommittal.
You visited 1 branch of the dungeon, and saw 4 of its levels.

You collected 79 gold pieces.
You spent 39 gold pieces at shops.

Inventory:

Hand Weapons
 a - a +0 war axe
 f - a +0 sling
 g - a +0 hand axe
 v - a +0 trident
 x - a +0 short sword of draining (weapon)
Missiles
 e - 27 stones
 w - a throwing net (quivered)
Armour
 c - a +0 buckler (worn)
 i - a +0 chain mail (worn)
Magical Staves
 k - a staff of air
Jewellery
 b - an amulet of reflection (around neck)
Scrolls
 h - a scroll of fear {unknown}
 j - a scroll of fog {unknown}
 o - a scroll of immolation {unknown}
 q - a scroll of identify {unknown}
 r - a scroll of amnesia {unknown}
 s - a scroll of teleportation {unknown}
Potions
 d - a potion of might
 l - 2 potions of cancellation {unknown}
 m - a potion of mutation {unknown}
 n - 2 potions of ambrosia {unknown}
 p - a potion of invisibility {unknown}
 t - a potion of curing
 u - a potion of resistance {unknown}


   Skills:
 + Level 5.0 Fighting
 + Level 0.1 Short Blades
 + Level 4.2(4.5) Axes
 + Level 2.0(3.3) Polearms
 + Level 5.3 Armour
 + Level 0.1 Dodging
 + Level 0.4 Stealth
 + Level 5.5 Shields


You had 5 spell levels left.
You didn't know any spells.
Your spell library contained the following spells:

 Spells                   Type           Power      Damage    Failure   Level
 Necrotise                Necr           0%         1d4       99%         1
 Wereblood                Tmut           0%         N/A       100%        2
 Ozocubu's Armour         Ice            0%         N/A       100%        3
 Vampiric Draining        Necr           0%         2d6       100%        3
 Volatile Blastmotes      Fire/Tloc      0%         2d10      100%        3
 Fulminant Prism          Conj/Hex       0%         3d5       100%        4
 Iskenderun's Mystic Bla  Conj/Tloc      0%         2d3       100%        4
 Agony                    Necr           0%         N/A       100%        5
 Fireball                 Conj/Fire      0%         3d3       100%        5
 Iskenderun's Battlesphe  Conj           0%         2d6       100%        5
 Lee's Rapid Deconstruct  Erth           0%         3d4*      100%        5
 Conjure Ball Lightning   Conj/Air       0%         3x3d6     100%        6
 Death Channel            Necr           0%         N/A       100%        6
 Orb of Destruction       Conj           0%         9d5       100%        7
 Ozocubu's Refrigeration  Ice            0%         4d7       100%        7


Dungeon Overview and Level Annotations

Branches:
Dungeon (4/15)
 Temple: D:4-7

Altars:
Ashenzari
Elyvilon
Gozag
Sif Muna
Uskayaw
Zin

Shops:
D:2 !


Innate Abilities, Weirdness & Mutations

You have a pair of horns on your head.
You reflexively headbutt those who attack you in melee.


Message History

You barely miss the orc priest. You headbutt the orc priest.
The orc priest is moderately wounded.
The orc priest hits you but does no damage.
You barely miss the orc priest.
The orc priest is moderately wounded.
The orc priest hits you but does no damage.
You hit the orc priest. You drain the orc priest.
Your headbutt misses the orc priest.
The orc priest is heavily wounded.
The orc priest mumbles some strange prayers to Beogh against you.
Beogh smites you!
You hit the orc priest.
The orc priest is severely wounded.
You block the orc priest's attack.
You hit the orc priest.
You kill the orc priest!
Your Fighting skill increases to level 5!
Items here: ))))) [[[ ††.
Okay, then.
Found 11 gold pieces.
Found a dagger.
Found a stone staircase leading down.
An ogre comes into view. It is wielding a +0 giant spiked club.
The ogre shouts!
You see here a +0 dagger.
Found a scroll labelled NAENOM VIMEMNY.
You hit the ogre but do no damage. You headbutt the ogre!
The ogre is moderately wounded.
You block the ogre's attack.
You hit the ogre.
The ogre is heavily wounded.
The ogre hits you with a +0 giant spiked club!!
You hit the ogre. You drain the ogre.
The ogre is heavily wounded.
You hit the ogre. Your headbutt misses the ogre.
The ogre is severely wounded.
The ogre hits you with a +0 giant spiked club!
* * * LOW HITPOINT WARNING * * *
You feel better.
The ogre hits you with a +0 giant spiked club!!
You die...

#.##..........# #.#
#.##########..####.### ###
####.# #. ...........###..
#.<..# #. ###...#####......
#.#### #. ####...# #.###.#
#.# #.#.......# #.# #.# #.#
#..#>####.# #.###†# #.# ###
#..#.####.## #.##...
#.###.###..)@O.............#.
#.##...###.#.######?....... .
#)#.....##.#.##### ......# #
#................. ......
#.#..............# ......
#.##...##........# ......
#.......#........# .##.#
#####.##....#........#
......###.#......$....


You could see an ogre (drained).

Vanquished Creatures
  An orc priest (D:4)
  A gnoll bouda (D:4)
  2 hounds
  3 iguanas (D:4)
  7 gnolls
  3 adders
  2 worms
  A dart slug (D:2)
  5 orcs
  3 endoplasms (D:1)
  3 giant cockroaches
  11 goblins
  9 hobgoblins
  5 jackals
  7 quokkas
  5 ball pythons
  6 bats
  5 frilled lizards
  6 kobolds
  7 rats
92 creatures vanquished.

Notes
Turn   | Place    | Note
-------+----------+-------------------------------------------
     0 | D:1      | Babbit the Minotaur Fighter began the quest for the Orb.
     0 | D:1      | Reached XP level 1. HP: 19/19 MP: 0/0
   328 | D:1      | Reached XP level 2. HP: 25/27 MP: 1/1
   588 | D:1      | Got Cigotuvi's Atlas of Despair and Modification
  1218 | D:2      | Reached XP level 3. HP: 30/33 MP: 2/2
  1771 | D:2      | Found Jyminyit's Distillery.
  1784 | D:2      | Bought a potion of curing for 39 gold pieces
  1920 | D:3      | Found a shimmering blue altar of Sif Muna.
  1930 | D:3      | Reached XP level 4. HP: 35/40 MP: 3/3
  2075 | D:3      | Found a broken altar of Ashenzari.
  2082 | D:3      | Became a worshipper of Ashenzari the Shackled
  2138 | D:3      | Reached XP level 5. HP: 47/47 MP: 4/4
  2184 | D:3      | Found a faded altar of an unknown god.
  2361 | D:3      | Found a hide-covered altar of Uskayaw.
  2365 | D:3      | Found an opulent altar of Gozag.
  2700 | D:3      | Found a white marble altar of Elyvilon.
  2848 | D:3      | Found a glowing silver altar of Zin.
  3067 | D:4      | Reached skill level 5 in Shields
  3254 | D:4      | Reached skill level 5 in Armour
  3255 | D:4      | Reached skill level 1 in Polearms
  3340 | D:4      | Reached XP level 6. HP: 45/53 MP: 5/5
  3576 | D:4      | Reached skill level 5 in Fighting
  3598 | D:4      | Slain by an ogre

Illustrated notes

Levels and vault maps discovered:
D:1:      dpeg_arrival_radiant, layout_basic, minmay_tiny_reverse_x
D:2:      layout_rooms, serial_shops, nicolae_shop_rolling_square,
          minmay_misc_feat_doors
D:3:      layout_basic, mainiacjoe_overflow_small_starburst,
          ashenzari_conservatory_becter, grunt_temple_overflow_open,
          mainiacjoe_overflow_catwalk_spiral, basic_ecumenical_altar,
          serial_forest, infiniplex_forest_corner_2,
          infiniplex_forest_lined_room_, infiniplex_forest_clump_tiny,
          infiniplex_forest_lined_room_2, lightli_corner_chamber
D:4:      layout_loops_ring

Skill      XL: |  1  2  3  4  5  6 |
---------------+-------------------+-----
Armour         | 4 5 |  5.3
Fighting       | 4 5 |  5.0
Shields        | 4 5 |  5.5
Axes           | 3 4 |  4.2
Polearms       | 1 2 |  2.0
Short Blades   | |  0.1
Dodging        | |  0.1
Stealth        | |  0.4

Action                     |  1- 3 |  4- 6 || total
---------------------------+-------+-------++-------
  Melee: War axe           |    92 |    17 ||   109
         Headbutt          |     9 |    28 ||    37
         Trident           |       |    49 ||    49
         Short sword       |       |    78 ||    78
    Use: Potion            |       |     2 ||     2
 Armour: Scale mail        |     5 |       ||     5
         Chain mail        |    29 |    43 ||    72
  Dodge: Dodged            |    28 |    33 ||    61
  Block: Buckler           |    28 |    72 ||   100
         Reflection        |     1 |     1 ||     2
